 Dungeon Sprint DCSS version 0.26-a0-663-g36e8fdb655 (webtiles) character file.

Game seed: 3924637008978767677

3463 Conn the Thaumaturge (level 10, -9/60 HPs)
             Began as an Octopode Hedge Wizard on Oct 10, 2020.
             Was an Elder of Sif Muna.
             Mangled by a +0 glaive of flaming (33 damage)
             ... in the Dungeon (Sprint V: "Ziggurat Sprint").
             The game lasted 00:11:13 (438 turns).

Conn the Thaumaturge (Octopode Hedge Wizard)         Turns: 438, Time: 00:11:14

Health: -9/60      AC:  1    Str: 21    XL:     10   Next: 6%
Magic:  14/28      EV: 19    Int: 33    God:    Sif Muna [****..]
Gold:   0          SH:  0    Dex: 23    Spells: 24/37 levels left

rFire    . . .     SeeInvis +   E - +5 quick blade
rCold    . . .     Faith    .   (no shield)
rNeg     + . .     Spirit   .   b - +0 hat
rPois    .         Reflect  .   (no amulet)
rElec    .         Harm     .   y - +6 ring of dexterity
rCorr    .         Rampage  .   z - +6 ring of dexterity
MR       .....     NoTele   +   A - +6 ring of intelligence
Stlth    ++++++....             B - +6 ring of intelligence
HPRegen  0.20/turn              C - +6 ring of strength
MPRegen  0.21/turn              D - +6 ring of strength
                                L - ring "Culou" {rN+ SInv}
                                (no ring)

@: no status effects
A: almost no armour, stealthy swim, amphibious, 8 rings, constrict 8, camouflage
1, gelatinous body 1
a: Channel Magic, Forget Spell, Divine Exegesis, Renounce Religion


You were in the Dungeon.
You worshipped Sif Muna.
Sif Muna was greatly pleased with you.
You visited 1 branch

Inventory:

Hand Weapons
 a - a +0 dagger
 E - a +5 quick blade (weapon)
 F - the +6 Majin-Bo {vamp, MP+6 Int+6}
   (You found it in the Dungeon)

   It inflicts no extra harm, but heals its wielder when it wounds a living foe.
   It affects your intelligence (+6).
   It affects your magic capacity (+6).
 H - the +8 lance "Wyrmbane" {slay drac, rPois rF+ rC+ AC+3}
   (You found it in the Dungeon)

   It affects your AC (+3).
   It protects you from fire.
   It protects you from cold.
   It protects you from poison.
 I - the +6 shillelagh "Devastator" {shatter}
   (You found it in the Dungeon)
Armour
 b - a +0 hat (worn)
 G - the +18 shield of the Gong {rElec rN+ MR+ EV-5}
   (You found it in the Dungeon)

   It affects your evasion (-5).
   It insulates you from electricity.
   It protects you from negative energy.
   It affects your resistance to hostile enchantments.
 K - a +3 buckler
Jewellery
 x - an uncursed ring of flight
 y - a +6 ring of dexterity (left tentacle)
 z - a +6 ring of dexterity (right tentacle)
 A - a +6 ring of intelligence (on tentacle)
 B - a +6 ring of intelligence (on tentacle)
 C - a +6 ring of strength (on tentacle)
 D - a +6 ring of strength (on tentacle)
 L - the ring "Culou" (on tentacle) {rN+ SInv}
   (You found it in the Dungeon)

   [ring of positive energy]

   It protects you from negative energy.
   It lets you see invisible.
Wands
 u - a wand of disintegration (7)
 v - a wand of iceblast (6)
 w - a wand of acid (5)
Scrolls
 i - 3 scrolls of blinking
 o - 4 scrolls of amnesia
 p - 7 scrolls of fog
 q - a scroll of holy word
 r - 5 scrolls of identify
 s - 5 scrolls of remove curse
 t - 2 scrolls of fear
Potions
 c - 2 potions of brilliance
 d - 9 potions of curing
 e - 7 potions of heal wounds
 f - 5 potions of haste
 g - 7 potions of magic
 h - 3 potions of berserk rage
 j - a potion of invisibility
 k - 4 potions of resistance
 l - a potion of experience
 m - 5 potions of stabbing
 n - 5 potions of might
Miscellaneous
 J - a lightning rod (4/4)
 M - a phial of floods
 N - a condenser vane (2/2)
 O - a box of beasts (2/3)
 P - a condenser vane (2/2)
 Q - a tin of tremorstones (3/3)


   Skills:
 + Level 1.7 Fighting
 + Level 1.8 Short Blades
 + Level 2.7 Maces & Flails
 + Level 7.2 Dodging
 + Level 9.4 Stealth
 + Level 14.3 Spellcasting
 * Level 5.9 Conjurations
 + Level 2.6 Summonings
 * Level 5.1 Translocations
 * Level 5.4 Fire Magic
 + Level 2.8 Air Magic
 + Level 2.7 Poison Magic
 * Level 6.0 Invocations
 + Level 5.0 Evocations


You had 24 spell levels left.
You knew the following spells:

 Your Spells              Type           Power        Failure   Level
a - Magic Dart            Conj           ####         1%          1
b - Blink                 Tloc           N/A          1%          2
c - Call Imp              Summ           #####...     1%          2
d - Conjure Flame         Conj/Fire      ######..     1%          3
e - Mephitic Cloud        Conj/Pois/Air  #####...     1%          3
f - Slow                  Hex            ###.....     2%          2

Your spell library contained the following spells:

 Spells                   Type           Power        Failure   Level


Dungeon Overview and Level Annotations

Branches:
Dungeon (1/1)

Altars:
Ashenzari
Cheibriados
Dithmenos
Elyvilon
Fedhas
Gozag
Hepliaklqana
Kikubaaqudgha
Makhleb
Nemelex Xobeh
Okawaru
Qazlal
Ru
Sif Muna
Trog
Uskayaw
Vehumet
Wu Jian
Xom
Yredelemnul
Zin
The Shining One
Beogh
Jiyva
Lugonu

Annotations:
D 1 transporter


Innate Abilities, Weirdness & Mutations

You cannot wear most types of armour.
You are very stealthy in the water. (Stealth+)
You are amphibious.
You can wear up to eight rings at the same time.
You can use your tentacles to constrict eight enemies at once.
Your skin changes colour to match your surroundings (Stealth+).
Your rubbery body absorbs attacks. (AC +1, EV +1)


Message History

Unknown command.
Unknown command.
Evoke which item? (* to show all) (? for menu, Esc to quit)
Okay, then.
Unknown command.
Casting: Blink (safe; 1% risk of failure)
Confirm with . or Enter, or press ? or * to list all spells.
Okay, then.
Unknown command.
Evoke which item? (* to show all) (? for menu, Esc to quit)
You open the lid... ...and a juvenile shocksting beast leaps out!
Your crimson imp closely misses the +0 glaive of flaming.
Unknown command.
Casting: Blink (safe; 1% risk of failure)
Confirm with . or Enter, or press ? or * to list all spells.
You blink.
The +0 glaive of flaming hits you from afar!!
Ouch! That really hurt!
You die...

▓.....▓.....▓..)..▓
▓.|.).▓.....▓..©..▓
▓..©..▓..©..▓▓▓▓▓▓▓
▓▓▓▓▓▓▓▓▓▓▓▓▓▓▓▓▓▓▓
▓..8©8...▓§☼8©8...▓
▓..).|...▓§§})}...▓
▓........▓§☼|§☼§..▓
▓........▓☼○.)....▓
▓.....)..▓H☼..@)..▓
▓.▓....▓.▓.§5°.§§.▓
▓...©....▓§.(©§○§.▓
▓▓▓▓▓▓▓▓▓▓▓▓▓▓▓▓▓▓▓


You could see a +0 glaive of flaming, a friendly juvenile shocksting beast
(summoned) and a friendly crimson imp (summoned).

Vanquished Creatures
  3 deep elf knights (D)
  3 deep elf magi (D)
  A water elemental (D)
  2 phantoms (D)
  2 earth elementals (D)
  An orc priest (D)
  An orc wizard (D)
  A jackal zombie (D)
14 creatures vanquished.

Vanquished Creatures (collateral kills)
  A deep elf mage (D)
  An orc priest (D)
  An orc (D)
3 creatures vanquished.

Grand Total: 17 creatures vanquished

Notes
Turn   | Place    | Note
-------+----------+-------------------------------------------
     0 | D        | Conn the Octopode Hedge Wizard began the quest for the Orb.
     0 | D        | Reached XP level 1. HP: 11/11 MP: 4/4
     0 | D        | Found a shimmering blue altar of Sif Muna.
     0 | D        | Found a sacrificial altar of Ru.
     0 | D        | Found a bloodstained altar of Trog.
     0 | D        | Found a stormy altar of Qazlal.
     0 | D        | Found an iron altar of Okawaru.
     0 | D        | Found a sparkling altar of Nemelex Xobeh.
     0 | D        | Found a blossoming altar of Fedhas.
     1 | D        | Found the +6 Majin-Bo {vamp, MP+6 Int+6}
     1 | D        | Found the +9 heavy crossbow "Sniper" {vorpal, Acc+∞ SInv}
     1 | D        | Found the +10 dark maul {vorpal}
     1 | D        | Found the +15 Maxwell's patent armour {-Cast -Tele rElec
                  | MR+ rCorr}
     1 | D        | Found the +18 shield of the Gong {rElec rN+ MR+ EV-5}
     1 | D        | Found the cursed +14 obsidian axe {vorpal, +Fly SInv
                  | *Curse}
     1 | D        | Found the +7 great mace "Firestarter" {inner flame, rF++}
     1 | D        | Found the +6 shillelagh "Devastator" {shatter}
     1 | D        | Found the +11 plutonium sword {*Contam Stlth-}
     1 | D        | Found the +8 lance "Wyrmbane" {slay drac, rPois rF+ rC+
                  | AC+3}
     1 | D        | Found the +9 sword of Zonguldrok {reap}
     1 | D        | Found the cursed +13 scythe of Curses {drain, *Curse}
     1 | D        | Found the +0 sword of Power
     1 | D        | Found the +7 mace of Variability {chain chaos}
     1 | D        | Found the +7 Singing Sword {vorpal, sonic wave}
     1 | D        | Found the +8 storm bow {elec, penet}
     2 | D        | Found a transporter.
     2 | D        | Found an ancient bone altar of Kikubaaqudgha.
     2 | D        | Found a viscous altar of Jiyva.
     2 | D        | Found a corrupted altar of Lugonu.
     2 | D        | Found a hazy altar of Hepliaklqana.
     2 | D        | Found a burning altar of Makhleb.
     2 | D        | Found an opulent altar of Gozag.
    46 | D        | Became a worshipper of Sif Muna the Loreminder
    76 | D        | Entered arena 2.
    76 | D        | Noticed a deep elf mage
    76 | D        | Noticed a deep elf mage
    76 | D        | Found a transporter.
    82 | D        | Killed a deep elf mage
    82 | D        | Reached skill level 5 in Dodging
    82 | D        | Reached skill level 11 in Spellcasting
    82 | D        | Reached XP level 2. HP: 17/17 MP: 4/14
    82 | D        | Reached XP level 3. HP: 21/21 MP: 4/15
    82 | D        | Reached XP level 4. HP: 27/27 MP: 4/17
    82 | D        | Reached XP level 5. HP: 31/31 MP: 4/18
    82 | D        | Reached XP level 6. HP: 36/36 MP: 4/20
    83 | D        | Killed a deep elf mage
    83 | D        | Reached skill level 12 in Spellcasting
    83 | D        | Reached XP level 7. HP: 41/41 MP: 4/23
    95 | D        | Learned a level 2 spell: Blink
    98 | D        | Learned a level 2 spell: Call Imp
   102 | D        | Learned a level 3 spell: Conjure Flame
   106 | D        | Learned a level 3 spell: Mephitic Cloud
   109 | D        | Learned a level 2 spell: Slow
   129 | D        | Entered arena 3.
   129 | D        | Found a transporter.
   138 | D        | Reached * piety under Sif Muna
   138 | D        | Reached skill level 13 in Spellcasting
   138 | D        | Reached XP level 8. HP: 37/46 MP: 10/25
   157 | D        | Got the ring "Culou" {rN+ SInv}
   261 | D        | Entered arena 4.
   261 | D        | Found a transporter.
   266 | D        | Reached ** piety under Sif Muna
   326 | D        | Entered arena 5.
   326 | D        | Noticed a deep elf mage
   326 | D        | Noticed a water elemental
   326 | D        | Found a transporter.
   338 | D        | Killed a water elemental
   338 | D        | Reached *** piety under Sif Muna
   338 | D        | Reached skill level 1 in Fire Magic
   338 | D        | Reached skill level 1 in Invocations
   343 | D        | Killed a deep elf mage
   343 | D        | Reached skill level 1 in Maces & Flails
   343 | D        | Reached skill level 1 in Air Magic
   343 | D        | Reached skill level 1 in Poison Magic
   343 | D        | Reached XP level 9. HP: 46/52 MP: 10/26
   424 | D        | Entered arena 6.
   424 | D        | Noticed a deep elf knight
   424 | D        | Noticed a deep elf knight
   424 | D        | Noticed a +0 glaive of flaming
   424 | D        | Noticed a deep elf mage
   424 | D        | Noticed a deep elf knight
   424 | D        | Found a transporter.
   431 | D        | Killed a deep elf knight
   431 | D        | Reached **** piety under Sif Muna
   431 | D        | Reached skill level 1 in Fighting
   431 | D        | Reached skill level 1 in Short Blades
   431 | D        | Reached skill level 14 in Spellcasting
   433 | D        | Killed a deep elf knight
   433 | D        | Reached skill level 5 in Conjurations
   433 | D        | Reached skill level 5 in Invocations
   434 | D        | Killed a deep elf knight
   434 | D        | Reached skill level 5 in Fire Magic
   434 | D        | Killed a deep elf mage
   434 | D        | Reached skill level 5 in Translocations
   434 | D        | Reached skill level 5 in Evocations
   434 | D        | Reached XP level 10. HP: 20/60 MP: 15/28
   438 | D        | Mangled by a +0 glaive of flaming

Illustrated notes

Levels and vault maps discovered:
D:        sprint_v [room_start, room_1, room_2, room_3, room_4, room_5, room_6,
          room_7, room_8, room_9, room_10, room_11, room_12, room_13, room_14,
          room_15, room_16, room_17, room_18, room_19, room_20, room_21,
          room_22, room_23, room_24, room_25, room_26, room_27]

Skill      XL: |  1  2  3  4  5  6  7  8  9 |
---------------+----------------------------+-----
Dodging        | 5 6 7 |  7.2
Stealth        | 6 7 8 9 |  9.4
Spellcasting   | 11 12 13 14 | 14.3
Evocations     | 2 3 4 5 |  5.0
Conjurations   | 3 5 |  5.9
Fire Magic     | 3 5 |  5.4
Invocations    | 3 6 |  6.0
Translocations | 3 5 |  5.1
Maces & Flails | 1 2 |  2.7
Air Magic      | 1 2 |  2.8
Poison Magic   | 1 2 |  2.7
Fighting       | 1 |  1.7
Short Blades   | 1 |  1.8
Summonings     | 2 |  2.6

Action                   |  1- 3 |  4- 6 |  7- 9 | 10-12 || total
-------------------------+-------+-------+-------+-------++-------
Melee: Quick blade       |       |     1 |    19 |       ||    20
       Tentacles         |       |       |    10 |       ||    10
       Shillelagh        |       |       |     3 |       ||     3
       Constrict         |       |       |     2 |       ||     2
 Cast: Mephitic Cloud    |       |       |     9 |       ||     9
       Call Imp          |       |       |     5 |       ||     5
       Magic Dart        |       |       |     3 |       ||     3
       Blink             |       |       |     2 |     1 ||     3
Evoke: Wand              |     3 |       |       |       ||     3
       Lightning rod     |       |     1 |     1 |       ||     2
       Phial of floods   |       |       |     1 |       ||     1
       Condenser vane    |       |       |     2 |       ||     2
       Box of beasts     |       |       |       |     1 ||     1
  Use: Potion            |     2 |       |     3 |     1 ||     6
       Scroll            |       |       |       |     1 ||     1
 Stab: Invisible         |       |     1 |       |       ||     1
       Distracted        |       |       |     1 |       ||     1
       Confused          |       |       |     1 |       ||     1
Armor: Skin              |       |       |     1 |       ||     1
Dodge: Dodged            |       |       |    15 |       ||    15

Table legend: (Time is in decaauts)
 A = Elapsed time spent in this place.
 B = Non-inter-level travel time spent in this place.
 C = Inter-level travel time spent in this place.
 D = Time resting spent in this place.
 E = Time spent auto-exploring this place.
 F = Levels seen in this place.
 G = Mean time per level.
                   A        B        C        D        E       F      G
               +--------+--------+--------+--------+--------+-----+--------+
         Total |    408 |    408 |      0 |    212 |      0 |   1 |  408.0 |
       Dungeon |    408 |    408 |      0 |    212 |      0 |   1 |  408.0 |
               +--------+--------+--------+--------+--------+-----+--------+

Top non-repeatable levels by time:
       D: 408 daAuts
